 Dungeon Crawl Stone Soup version 0.28.0-45-g0d030f2227 (webtiles) character file.

Game seed: 7951787225749297330

146 protoss039 the Conjurer (level 5, -16/35 HPs)
             Began as a Demonspawn Conjurer on May 15, 2022.
             Demolished by Crazy Yiuf
             ... wielding a +3 quarterstaff of chaos
              (19 damage)
             ... on level 2 of the Dungeon.
             The game lasted 00:03:40 (3946 turns).

protoss039 the Conjurer (Demonspawn Conjurer)       Turns: 3946, Time: 00:03:41

Health: -16/35     AC:  5    Str:  8    XL:     5   Next: 7%
Magic:  0/9        EV: 12    Int: 21    God:
Gold:   119        SH:  0    Dex: 11    Spells: 7/10 levels left

rFire   . . .      SeeInvis .   g - +2 dagger (pain)
rCold   . . .      Faith    .   (no shield)
rNeg    . . .      Spirit   .   a - +0 robe
rPois   .          Reflect  .   (no helmet)
rElec   .          Harm     .   (no cloak)
rCorr   .          Rampage  .   (no gloves)
Will    .....                   (no boots)
Stlth   ++........              (no amulet)
HPRegen 0.11/turn               (no ring)
MPRegen 0.11/turn               (no ring)

@: no status effects
A: molten scales 2
a: no special abilities


You were on level 2 of the Dungeon.
You visited 1 branch of the dungeon, and saw 2 of its levels.

You collected 119 gold pieces.

Inventory:

Hand Weapons
 g - a +2 dagger of pain (weapon)
Armour
 a - a +0 robe (worn)
Jewellery
 o - the amulet of Ilozao Asuas {Regen+ Int+2}
   (You found it on level 2 of the Dungeon)

   [amulet of regeneration]

   Int:       It affects your intelligence (+2).
   Regen:     It increases your rate of health regeneration.
Scrolls
 d - a scroll of vulnerability {unknown}
 h - a scroll of torment {unknown}
 i - a scroll of fear {unknown}
 j - 2 scrolls of amnesia {unknown}
 l - a scroll of fog {unknown}
 m - a scroll of identify {unknown}
Potions
 b - 2 potions of lignification {unknown}
 c - a potion of heal wounds {unknown}
 e - 4 potions of curing {unknown}
 f - a potion of berserk rage {unknown}
 k - a potion of attraction {unknown}
 n - a potion of might {unknown}


   Skills:
 + Level 2.9 Dodging
 + Level 2.9 Stealth
 + Level 3.0 Spellcasting
 + Level 4.7 Conjurations


You had 7 spell levels left.
You knew the following spells:

 Your Spells              Type           Power      Damage    Failure   Level
a - Magic Dart            Conj           88%        1d7       1%          1
b - Searing Ray           Conj           44%        2d6       3%          2

Your spell library contained the following spells:

 Spells                   Type           Power      Damage    Failure   Level
 Freeze                   Ice            12%        1d4       13%         1
 Dazzling Flash           Conj/Hex       26%        N/A       16%         3
 Frozen Ramparts          Ice            6%         1d2       36%         3
 Fulminant Prism          Conj/Hex       6%         3d7       45%         4
 Hailstorm                Conj/Ice       13%        3d5       45%         4
 Iskenderun's Mystic Bla  Conj/Tloc      13%        2d5       45%         4


Dungeon Overview and Level Annotations

Branches:
Dungeon (2/15)

Altars:
Makhleb

Annotations:
D:2 Crazy Yiuf


Innate Abilities, Weirdness & Mutations

You are mostly covered in molten scales. (AC +3)


Message History

Aim: a ball python (75% to hit)
The searing ray hits the ball python!
You kill the ball python! (Press . to maintain the ray.) Crazy Yiuf whimpers, "Walk!"
Could not explore, unopened runed door.
Could not explore, unopened runed door.
Could not explore, unopened runed door.
No reachable target in view!
Unknown command.
You open the door.
Casting: Searing Ray (safe; 3% risk of failure)
Confirm with . or Enter, or press ? or * to list all spells.
Aiming: Searing Ray (safe; 3% risk of failure)
Press: ? - help, Shift-Dir - straight line, f - Crazy Yiuf
Aim: Crazy Yiuf, wielding a +3 quarterstaff of chaos and wearing a +2 cloak (81% to hit)
The searing ray hits Crazy Yiuf.
Crazy Yiuf is lightly wounded. (Press . to maintain the ray.) Crazy Yiuf hits you with a +3 quarterstaff of chaos.
You convulse.
Unknown command.
The searing ray hits Crazy Yiuf.
Crazy Yiuf is moderately wounded.
Crazy Yiuf hits you with a +3 quarterstaff of chaos!
You feel your power leaking away.
Unknown command.
The searing ray hits Crazy Yiuf.
Crazy Yiuf is moderately wounded.
Crazy Yiuf hits you with a +3 quarterstaff of chaos.
* * * LOW HITPOINT WARNING * * *
You resist with some effort.
Unknown command.
Unknown command.
Without enough magic to sustain it, your searing ray dissipates.
Crazy Yiuf hits you with a +3 quarterstaff of chaos.
* * * LOW HITPOINT WARNING * * *
You are electrocuted!!
Ouch! That really hurt!
You die...

##.########.#....†..#
#.......
#...#......#.#######
#.......
#####.######.#
#....... #.# ###
#....... #.##
#....... #..##♣♣♣♣♣
######## #..+...♣.♣♣♣
### #.......♣..♣#...#
#......♣♣♣♣@g...#
#..+..♣♣ ♣♣#..)#
#.###♣♣ ### #..# ####


You could see Crazy Yiuf.

Vanquished Creatures
  Jessica (D:2)
  4 adders
  2 worms (D:2)
  4 dart slugs
  An orc (D:2)
  9 endoplasms
  3 giant cockroaches (D:2)
  5 goblins
  3 hobgoblins
  5 jackals (D:1)
  4 kobolds
  2 quokkas (D:1)
  7 ball pythons
  6 bats
  4 frilled lizards
  9 rats
69 creatures vanquished.

Notes
Turn   | Place    | Note
-------+----------+-------------------------------------------
     0 | D:1      | protoss039 the Demonspawn Conjurer began the quest for the
                  | Orb.
     0 | D:1      | Reached XP level 1. HP: 13/13 MP: 3/3
    21 | D:1      | Found a faded altar of an unknown god.
   418 | D:1      | Gained mutation: You are partially covered in molten
                  | scales. (AC +2) [demonic ancestry]
   418 | D:1      | Reached XP level 2. HP: 19/19 MP: 3/5
   901 | D:1      | Learned a level 2 spell: Searing Ray
  1343 | D:1      | Reached XP level 3. HP: 23/24 MP: 1/6
  2067 | D:2      | Noticed Jessica
  2072 | D:2      | Killed Jessica
  2155 | D:2      | Gained mutation: You are mostly covered in molten scales.
                  | (AC +3) [demonic ancestry]
  2155 | D:2      | Reached XP level 4. HP: 30/30 MP: 2/8
  2358 | D:2      | Found a burning altar of Makhleb.
  2736 | D:2      | Found a runed translucent door.
  2737 | D:2      | Noticed Crazy Yiuf
  3051 | D:2      | Identified the amulet of Ilozao Asuas {Regen+ Int+2}
  3633 | D:1      | Reached XP level 5. HP: 35/35 MP: 3/9
  3946 | D:2      | Demolished by Crazy Yiuf

Illustrated notes

Levels and vault maps discovered:
D:1:      scummos_arrival_forest, layout_basic, serial_forest,
          infiniplex_forest_diagonal, infiniplex_forest_clump_tiny,
          infiniplex_forest_clump_double, infiniplex_forest_lined_ring,
          infiniplex_forest_lined_corner, infiniplex_forest_end_2,
          infiniplex_forest_zigzag_2, infiniplex_forest_clump_small,
          dreamdust_ecumenical_altar_statues, kennysheep_boxes
D:2:      minmay_chambers_of_twos, layout_basic, basic_altar, uniq_jessica,
          uniq_crazy_yiuf_cottage

Skill      XL: |  1  2  3  4 |
---------------+-------------+-----
Stealth        | 2 |  2.9
Dodging        | 2 |  2.9
Spellcasting   | 3 |  3.0
Conjurations   | |  4.7

Action                   |  1- 3 |  4- 6 || total
-------------------------+-------+-------++-------
Melee: Dagger            |    71 |       ||    71
       Unarmed           |     3 |       ||     3
       Punch             |     1 |       ||     1
 Cast: Magic Dart        |    34 |     6 ||    40
       Searing Ray       |     5 |    28 ||    33
 Stab: Sleeping          |     1 |       ||     1
Armor: Robe              |    27 |     4 ||    31
Dodge: Dodged            |    73 |    16 ||    89
